 Dungeon Crawl Stone Soup version 0.30.1-3-gfc49f6343a (webtiles) character file.

Game seed: 2265108369295656865

1148 spardeous the Conjurer (level 7, -2/50 HPs)
             Began as a Demigod Conjurer on Aug 8, 2023.
             Shot with a bolt by an orc warrior (5 damage)
             ... on level 7 of the Dungeon.
             The game lasted 00:03:36 (5288 turns).

spardeous the Conjurer (Demigod Conjurer)           Turns: 5288, Time: 00:03:37

Health: -2/50      AC:  5    Str:  8    XL:     7   Next: 93%
Magic:  5/19       EV: 12    Int: 28    God:
Gold:   294        SH:  0    Dex: 18    Spells: 11/18 levels left

rFire   . . .        (no weapon)
rCold   . . .        (no shield)
rNeg    . . .        a - +0 robe
rPois   .            (no helmet)
rElec   .            f - +0 cloak
rCorr   .            D - +0 pair of gloves
SInv    .            v - +0 pair of boots
Will    .....        l - amulet of regeneration
Stlth   ++           o - +6 ring of dexterity
HPRegen 1.08/turn    (no ring)
MPRegen 0.16/turn

%: no passive effects
@: no status effects
A: high MP 1, forlorn, divine attributes
a: no special abilities


You were on level 7 of the Dungeon.
You visited 1 branch of the dungeon, and saw 6 of its levels.

You collected 294 gold pieces.

Inventory:

Armour
 a - a +0 robe (worn)
 f - a +0 cloak (worn)
 v - a +0 pair of boots (worn)
 y - a +0 cloak
 D - a +0 pair of gloves (worn)
Jewellery
 l - an amulet of regeneration (around neck)
 o - a +6 ring of dexterity (left hand)
 u - a ring of ice
Wands
 k - a wand of mindburst (13)
 x - a wand of quicksilver (9)
 B - a wand of paralysis (8)
Scrolls
 d - 6 scrolls of identify {unknown}
 g - a scroll of torment {unknown}
 s - 3 scrolls of teleportation {unknown}
 t - a scroll of noise {unknown}
 w - 2 scrolls of vulnerability {unknown}
 C - a scroll of summoning {unknown}
 E - 2 scrolls of blinking {unknown}
Potions
 b - 2 potions of magic
 c - 4 potions of attraction {unknown}
 e - a potion of berserk rage {unknown}
 h - 4 potions of curing {unknown}
 i - 2 potions of brilliance {unknown}
 j - a potion of resistance {unknown}
 m - 2 potions of mutation {unknown}
 n - a potion of degeneration {unknown}
 p - 2 potions of cancellation {unknown}
 q - a potion of might {unknown}
 r - a potion of lignification {unknown}
 z - a potion of heal wounds {unknown}
 A - a potion of flight {unknown}


   Skills:
 - Level 1.7 Dodging
 - Level 1.7 Stealth
 + Level 6.0 Spellcasting
 + Level 7.2 Conjurations


You had 11 spell levels left.
You knew the following spells:

 Your Spells              Type           Power      Damage    Failure   Level
a - Magic Dart            Conj           100%       1d8       1%          1
b - Searing Ray           Conj           98%        2d8       1%          2
c - Iskenderun's Mystic   Conj/Tloc      28%        2d7       14%         4

Your spell library contained the following spells:

 Spells                   Type           Power      Damage    Failure   Level
 Static Discharge         Conj/Air       56%        2-5/arc   1%          2
 Dazzling Flash           Conj/Hex       56%        N/A       4%          3
 Beastly Appendage        Tmut           16%        N/A       6%          1
 Sting                    Tmut/Pois      32%        1d4       6%          1
 Poisonous Vapours        Pois/Air       16%        N/A       9%          2
 Wereblood                Tmut           8%         N/A       9%          2
 Fulminant Prism          Conj/Hex       14%        3d9       14%         4
 Spider Form              Tmut/Pois      8%         N/A       19%         3
 Airstrike                Air            4%         2d(1-17)  52%         4
 Olgreb's Toxic Radiance  Pois           8%         N/A       52%         4
 Summon Lightning Spire   Summ/Air       8%         N/A       52%         4


Dungeon Overview and Level Annotations

Branches:
Dungeon (7/15)
 Temple: D:4-7

Shops:
D:1 !   D:2 *   D:4 [

Annotations:
D:4 2 transporters, hilljack's ghost, amateur GrFE


Innate Abilities, Weirdness & Mutations

You have an increased reservoir of magic. (+10% MP)
You shall have no god before yourself.
Your divine heritage dramatically boosts your attributes as you level up.


Message History

You now have 6/19 mp.
An orc is nearby!
Casting: Searing Ray (safe; 1% risk of failure)
Confirm with . or Enter, or press ? or * to list all spells.
Aiming: Magic Dart (safe; 1% risk of failure)
Press: ? - help, Shift-Dir - straight line, f - orc
Aim: an orc, wielding a +0 short sword, wearing a +0 leather armour and quivering boomerangs (100% to hit)
The magic dart hits the orc.
The orc is heavily wounded.
You now have 5/19 mp.
An orc is nearby!
Casting: Magic Dart (safe; 1% risk of failure)
Confirm with . or Enter, or press ? or * to list all spells.
Aiming: Magic Dart (safe; 1% risk of failure)
Press: ? - help, Shift-Dir - straight line, f/p - orc
Aim: an orc, wielding a +0 short sword, wearing a +0 leather armour and quivering boomerangs (heavily wounded, 100% to hit)
The magic dart hits the orc.
You kill the orc!
Your Spellcasting skill increases to level 6!
An orc warrior comes into view. It is wielding a +0 hand axe.
Casting: Magic Dart (safe; 1% risk of failure)
Confirm with . or Enter, or press ? or * to list all spells.
Aiming: Magic Dart (safe; 1% risk of failure)
Press: ? - help, Shift-Dir - straight line, f - orc warrior
Aim: an orc warrior, wielding a +0 hand axe and wearing a +0 plate armour (wandering, hasn't noticed you, 100% to hit)
The magic dart hits the orc warrior.
The orc warrior is lightly wounded.
The orc warrior unwields a +0 hand axe.
The orc warrior wields a +0 arbalest.
The orc warrior shoots a bolt.
The bolt hits you!
* * * LOW HITPOINT WARNING * * *
You hear a shout! x2
You take 2 damage, and have 19/50 hp.
You now have 4/19 mp.
You hear a shout!
The orc warrior shoots a bolt.
The bolt barely misses you.
The orc warrior shoots a bolt.
The bolt hits you!!
* * * LOW HITPOINT WARNING * * *
You hear a shout!
You take 19 damage, and have 2/50 hp.
MASSIVE DAMAGE!!
The orc warrior shoots a bolt.
The bolt hits you.
You die...

#.# .# #
######.##.##...#
#......o....D...
######)#########
#.# #.# #.# #.#
#@# #.#
##########
#.####........#
#.............###
######...........
##........#
#.........#
#.........#
#.........#


You could see an orc warrior.

Vanquished Creatures
  A steam dragon (D:7)
  Duvessa (D:6)
  3 ogres
  A phantom (D:4)
  3 scorpions (D:5)
  Dowan (D:6)
  Crazy Yiuf (D:4)
  3 hounds
  A sleepcap (D:5)
  3 iguanas (D:6)
  6 adders
  A shadow imp (D:4)
  2 white imps
  An ufetubus (D:6)
  2 worms
  2 dart slugs
  4 orcs
  3 endoplasms (D:2)
  4 giant cockroaches
  A goblin (D:4)
  3 hobgoblins
  3 jackals (D:1)
  3 quokkas
  13 ball pythons
  4 bats
  A frilled lizard (D:2)
  5 kobolds
  4 rats (D:1)
80 creatures vanquished.

Notes
Turn   | Place    | Note
-------+----------+-------------------------------------------
     0 | D:1      | spardeous the Demigod Conjurer began the quest for the Orb.
     0 | D:1      | Reached XP level 1. HP: 14/14 MP: 5/5
   197 | D:1      | Found Qisatyumn's Distillery.
   473 | D:1      | Reached XP level 2. HP: 20/20 MP: 4/7
   742 | D:1      | Reached skill level 4 in Conjurations
  1313 | D:2      | Reached XP level 3. HP: 21/26 MP: 4/9
  1396 | D:2      | Found Matewn's General Store.
  1655 | D:2      | Learned a level 2 spell: Searing Ray
  1699 | D:2      | You fall into a shaft and drop 2 floors!
  1839 | D:4      | Found Joecvic's Armour Shop.
  1909 | D:4      | Found a runed translucent door.
  1910 | D:4      | Noticed Crazy Yiuf
  2113 | D:4      | Found a transporter.
  2119 | D:4      | Found a transporter.
  2226 | D:4      | Reached XP level 4. HP: 33/33 MP: 5/11
  2424 | D:4      | Noticed a phantom
  2435 | D:4      | Killed a phantom
  2436 | D:4      | Reached skill level 5 in Conjurations
  2436 | D:4      | Reached XP level 5. HP: 8/38 MP: 1/13
  2582 | D:4      | Noticed hilljack's ghost (amateur GrFE)
  2941 | D:4      | Learned a level 4 spell: Iskenderun's Mystic Blast
  2971 | D:5      | Entered Level 5 of the Dungeon
  3396 | D:5      | Reached XP level 6. HP: 45/45 MP: 8/15
  3714 | D:5      | Reached skill level 6 in Conjurations
  4070 | D:4      | Killed Crazy Yiuf
  4071 | D:4      | Reached XP level 7. HP: 50/50 MP: 12/17
  4217 | D:6      | Reached skill level 5 in Spellcasting
  4326 | D:6      | Identified the +8 great mace of Luedic {heavy, rPois rC-
                  | Int+2 SInv}
  4394 | D:6      | Noticed Duvessa
  4401 | D:6      | Noticed Dowan
  4404 | D:6      | Killed Duvessa
  4409 | D:6      | Killed Dowan
  5017 | D:6      | Reached skill level 7 in Conjurations
  5247 | D:7      | Noticed a steam dragon
  5262 | D:7      | Killed a steam dragon
  5287 | D:7      | HP: 2/50 [orc warrior/bolt (20)]
  5288 | D:7      | Shot with a bolt by an orc warrior

Illustrated notes

Levels and vault maps discovered:
D:1:      minmay_arrival_doors, layout_basic, chequers_ecumenical_altar_twisty,
          serial_shops, nicolae_shop_rolling_square
D:2:      minmay_wonky_spiral, layout_basic, serial_shops, shop
D:4:      layout_basic, old_standard_altar, serial_shops,
          nicolae_shop_waterfront, gammafunk_ghost_gnarly_gnolls,
          uniq_crazy_yiuf_cottage
D:5:      nicolae_cairo_tiling_large, layout_cave_pools, lemuel_round_altar,
          kennysheep_mini_moat, mainiacjoe_overflow_six_doors_small
D:6:      layout_basic, uniq_duvessa
D:7:      layout_basic, kennysheep_mini, minmay_temple_entry_arrows, uniq_pikel,
          uniq_maggie

Skill      XL: |  1  2  3  4  5  6  7 |
---------------+----------------------+-----
Spellcasting   | 2 3 4 6 |  6.0
Conjurations   | 4 5 6 7 |  7.2
Dodging        | |  1.7
Stealth        | |  1.7

Action                     |  1- 3 |  4- 6 |  7- 9 || total
---------------------------+-------+-------+-------++-------
  Melee: Unarmed           |     1 |       |       ||     1
   Cast: Magic Dart        |    98 |    68 |    23 ||   189
         Searing Ray       |       |     9 |    11 ||    20
 Armour: Robe              |     2 |     2 |     3 ||     7
  Dodge: Dodged            |     4 |    15 |     8 ||    27
